 Dungeon Crawl Stone Soup version 0.31.0-1-g2c135a0 (webtiles) character file.

Game seed: 9638808294199451048

3539 VideoJamieLikely the Conjurer (level 9, -4/62 HPs)
             Began as a Purple Draconian Conjurer on Jan 21, 2024.
             Was a Follower of Sif Muna.
             Slain by a yak (5 damage)
             ... on level 8 of the Dungeon.
             The game lasted 00:57:01 (10337 turns).

VideoJamieLikely the Conjurer (DrCj)               Turns: 10337, Time: 00:57:01

Health: -4/62      AC:  9    Str:  9    XL:     9   Next: 82%
Magic:  23/28      EV: 13    Int: 26    God:    Sif Muna [*.....]
Gold:   312        SH:  0    Dex: 10    Spells: 17/21 levels left

rFire   . . .        C - +8 rapier of the Vine {holy, rElec rF- rN+ Will+ Int+3}
rCold   + . .        (no shield)
rNeg    + . .        (body armour unavailable)
rPois   .            (helmet restricted)
rElec   +            (no cloak)
rCorr   .            i - +0 pair of gloves of Hopscotch {rF+}
SInv    .            l - +0 pair of boots
Will    ++...        (no amulet)
Stlth   +++          f - ring of magical power
HPRegen 0.30/turn    c - ring of protection from cold
MPRegen 0.21/turn

%: no passive effects
@: no status effects
A: breathe power, AC +7, unfitting armour, cold-blooded
a: Breathe Dispelling Energy, Renounce Religion, Channel Magic


You were on level 8 of the Dungeon.
You worshipped Sif Muna.
Sif Muna was aware of your devotion.
You visited 1 branch of the dungeon, and saw 8 of its levels.

You collected 455 gold pieces.
You spent 143 gold pieces at shops.

Inventory:

Hand Weapons
 h - a +0 hand axe
 t - a +0 flail of protection
 C - the +8 rapier of the Vine (weapon) {holy, rElec rF- rN+ Will+ Int+3}
   (You took it off a centaur on level 8 of the Dungeon)

   Int+3:     It affects your intelligence (+3).
   rF-:       It makes you vulnerable to fire.
   rElec:     It insulates you from electricity.
   rN+:       It protects you from negative energy.
   Will+:     It increases your willpower.
Missiles
 q - 6 curare-tipped darts
 r - 4 atropa-tipped darts
Armour
 i - the +0 pair of gloves of Hopscotch (worn) {rF+}
   (You found it on level 3 of the Dungeon)

   rF+:       It protects you from fire.
 l - a +0 pair of boots (worn)
Jewellery
 c - a ring of protection from cold (right hand)
 f - a ring of magical power (left hand)
 u - an amulet of the acrobat
Wands
 z - a wand of flame (4)
 A - a wand of charming (3)
 B - a wand of roots (6)
Scrolls
 d - 2 scrolls of vulnerability
 e - a scroll of noise {unknown}
 g - 2 scrolls of fear {unknown}
 m - a scroll of blinking {unknown}
 v - a scroll of brand weapon {unknown}
 x - a scroll of enchant armour {unknown}
 y - 2 scrolls of identify
Potions
 a - a potion of magic
 b - 3 potions of curing
 k - a potion of berserk rage {unknown}
 o - 2 potions of haste
 p - a potion of mutation {unknown}
 s - 4 potions of enlightenment
 w - a potion of might {unknown}


   Skills:
 + Level 5.7 Dodging
 + Level 6.2 Stealth
 + Level 6.9 Spellcasting
 + Level 7.1 Conjurations
 + Level 4.5 Hexes
 + Level 4.5 Invocations
 + Level 4.6 Evocations


You had 17 spell levels left.
You knew the following spells:

 Your Spells              Type           Power      Damage    Failure   Level
a - Magic Dart            Conj           100%       1d8       1%          1
b - Searing Ray           Conj           92%        2d7       1%          2
c - Sting                 Conj/Alch      100%       1d9       1%          1

Your spell library contained the following spells:

 Spells                   Type           Power      Damage    Failure   Level
 Stone Arrow              Conj/Erth      54%        3d10      4%          3
 Sandblast                Erth           16%        2d6       6%          1
 Mercury Vapours          Alch/Air       16%        N/A       10%         2
 Brom's Barrelling Bould  Conj/Erth      27%        2d5       14%         4
 Fulminant Prism          Conj/Alch      13%        3d9       14%         4
 Iskenderun's Mystic Bla  Conj/Tloc      27%        2d7       14%         4
 Passwall                 Erth           8%         N/A       19%         3
 Olgreb's Toxic Radiance  Alch           8%         N/A       54%         4
 Lehudib's Crystal Spear  Conj/Erth      13%        10d5      100%        8
 Animate Armour           Summ/Erth      Unusable   N/A       N/A         4

Dungeon Overview and Level Annotations

Branches:
Dungeon (8/15)             Temple (0/1) D:7            Lair (0/5) D:8

Altars:
Fedhas
Gozag
Kikubaaqudgha
Nemelex Xobeh
Qazlal
Sif Muna
Vehumet
Wu Jian
Yredelemnul
Zin

Shops:
D:2 [   D:6 ![

Annotations:
D:4 2 transporters, VideoJamieLikely's ghost, amateur DrCj


Innate Abilities, Weirdness & Mutations

You can breathe bolts of dispelling energy.
Your rich purple scales are hard. (AC +7)
You cannot fit into any form of body armour.
You are cold-blooded and may be slowed by cold attacks.


Message History

The yak attacks as it pursues you! The yak gores you!
* * * LOW HITPOINT WARNING * * *
You feel much better. The yak misses you. The yak gores you!
* * * LOW HITPOINT WARNING * * *
You feel much better. The yak misses you. The yak gores you! x3
* * * LOW HITPOINT WARNING * * *
You feel much better. The yak gores you! The yak gores you.
* * * LOW HITPOINT WARNING * * *
The yak barely misses you. The yak gores you but does no damage.
You feel better.
The yak gores you but does no damage. x2; The yak gores you. x2
* * * LOW HITPOINT WARNING * * *
The yak closely misses you. The yak attacks as it pursues you!
The yak gores you.
* * * LOW HITPOINT WARNING * * *
Aiming: Charm
Press: ? - help, Q - select action, (/) - cycle Shift-Dir - straight line, f - yak
Aim: a yak (chance to affect: 61%)
The yak is charmed.
The yak gores you but does no damage. The yak gores your yak!
The yak closely misses you.
Your yak gores the yak!
Aiming: Throw Flame
Press: ? - help, Q - select action, (/) - cycle Shift-Dir - straight line, f - yak, p - yak
Aim: a yak (almost dead, ally target, 84% to hit)
The puff of flame hits the yak.
The yak is moderately wounded.
The yak gores you but does no damage.
Your yak barely misses the yak.
The yak closely misses you.
Your yak closely misses the yak.
The yak attacks as it pursues you! The yak barely misses you.
Aiming: Fastroot
Press: ? - help, Q - select action, (/) - cycle Shift-Dir - straight line, f - yak, p - yak
Aim: a yak The roots erupt in riotous growth!
Roots grab the yak.
Roots grab the yak. x2
The grasping roots constrict the yak.
The grasping roots constrict the yak!
The grasping roots constrict the yak.
The yak gores you!
* * * LOW HITPOINT WARNING * * *
The yak gores you.
You die...

#....... #.....
#...# #...#####+
#.........
#..........
#..........
#...##....#########
#.@.##....#........
#YYY......#........
#Y........#........
#.........'........
#...#####'#........
#...#..........)...
#..†#........^.....
#...#.....)##'#####
#...#....).#.......


You could see 3 yaks and a friendly yak (charmed).

Vanquished Creatures
  Grinder (D:4)
  2 yaks (D:8)
  Edmund (D:5)
  A water moccasin (D:8)
  5 sky beasts
  A black bear (D:6)
  An orc warrior (D:6)
  5 ogres
  4 centaurs
  A phantom (D:6)
  3 bullfrogs
  3 scorpions
  4 howler monkeys
  4 bombardier beetles
  9 hounds
  An orc priest (D:8)
  A jelly (D:5)
  Jessica (D:3)
  2 iguanas
  A sleepcap (D:6)
  Terence (D:3)
  An orc wizard (D:8)
  A mummy (D:6)
  3 gnolls (D:5)
  9 adders
  2 river rats (D:3)
  A shadow imp (D:5)
  A white imp (D:6)
  An ufetubus (D:6)
  A dart slug (D:2)
  3 ribbon worms
  9 orcs
  5 endoplasms
  3 giant cockroaches
  7 goblins
  8 hobgoblins
  8 jackals
  4 quokkas
  11 ball pythons
  5 bats
  3 frilled lizards
  A hobgoblin zombie (D:6)
  3 kobolds
  An orc zombie (D:6)
  13 rats
156 creatures vanquished.

Notes
Turn   | Place    | Note
-------+----------+-------------------------------------------
     0 | D:1      | VideoJamieLikely the Draconian Conjurer began the quest for
                  | the Orb.
     0 | D:1      | Reached XP level 1. HP: 14/14 MP: 3/3
   122 | D:1      | You fall into a shaft and drop 1 floor!
   393 | D:2      | Found Cuaj's Armour Shoppe.
   395 | D:2      | Noticed an animated shadow dragon scales
   395 | D:2      | Noticed an animated shadow dragon scales
   493 | D:2      | Reached XP level 2. HP: 20/20 MP: 3/5
  1679 | D:1      | Reached XP level 3. HP: 22/26 MP: 1/6
  1711 | D:1      | Learned a level 2 spell: Searing Ray
  2256 | D:1      | Found a faded altar of an unknown god.
  2819 | D:3      | Noticed Terence
  2832 | D:3      | Killed Terence
  2833 | D:3      | Reached XP level 4. HP: 15/33 MP: 4/7
  2945 | D:3      | Identified the +0 pair of gloves of Hopscotch {rF+}
  2958 | D:3      | Learned a level 1 spell: Sting
  3025 | D:3      | Noticed Jessica
  3036 | D:3      | Killed Jessica
  3037 | D:3      | Reached XP level 5. HP: 11/38 MP: 6/9
  3154 | D:3      | Found a blossoming altar of Fedhas.
  3154 | D:3      | Found an opulent altar of Gozag.
  3158 | D:3      | Found a glowing silver altar of Zin.
  4111 | D:4      | Reached skill level 5 in Conjurations
  4111 | D:4      | Reached XP level 6. HP: 32/45 MP: 11/11
  4186 | D:4      | Found a shimmering blue altar of Sif Muna.
  4371 | D:4      | Found a transporter.
  4571 | D:4      | Found a transporter.
  4576 | D:4      | Noticed VideoJamieLikely's ghost (amateur DrCj)
  4597 | D:4      | Found a basalt altar of Yredelemnul.
  4633 | D:4      | Noticed Grinder
  4650 | D:4      | Killed Grinder
  4651 | D:4      | Your scales start taking on a rich purple colour.
  4651 | D:4      | Reached XP level 7. HP: 40/50 MP: 7/14
  5134 | D:4      | Became a worshipper of Sif Muna the Loreminder
  5172 | D:5      | Entered Level 5 of the Dungeon
  5412 | D:5      | Reached skill level 5 in Spellcasting
  5540 | D:5      | Found an ancient bone altar of Kikubaaqudgha.
  5603 | D:5      | Reached skill level 1 in Hexes
  5603 | D:5      | Reached skill level 1 in Invocations
  5603 | D:5      | Reached skill level 1 in Evocations
  5684 | D:5      | Found a sparkling altar of Nemelex Xobeh.
  6142 | D:5      | Noticed Edmund
  6157 | D:5      | Reached XP level 8. HP: 50/57 MP: 16/16
  6176 | D:5      | Killed Edmund
  6354 | D:6      | Found Qyipeon's Distillery.
  6357 | D:6      | Bought a potion of enlightenment for 65 gold pieces
  6357 | D:6      | Bought a potion of heal wounds for 65 gold pieces
  6357 | D:6      | Bought a potion of degeneration for 13 gold pieces
  6402 | D:6      | Found a radiant altar of Vehumet.
  6506 | D:6      | Reached skill level 6 in Conjurations
  6676 | D:6      | Found Peruod's Antique Armour Emporium.
  6721 | D:6      | Reached skill level 5 in Stealth
  7104 | D:6      | Reached * piety under Sif Muna
  7607 | D:6      | Reached XP level 9. HP: 45/62 MP: 18/18
  7672 | D:6      | Reached skill level 5 in Dodging
  9101 | D:7      | Found a staircase to the Ecumenical Temple.
  9855 | D:8      | Found a stormy altar of Qazlal.
  9877 | D:8      | Reached skill level 7 in Conjurations
 10032 | D:8      | Found an ornate altar of the Wu Jian Council.
 10128 | D:8      | Found a staircase to the Lair.
 10176 | D:8      | Identified the +8 rapier of the Vine {holy, rElec rF- rN+
                  | Will+ Int+3}
 10327 | D:8      | HP: 1/62 [yak (9)]
 10337 | D:8      | HP: 1/62 [yak (11)]
 10337 | D:8      | Slain by a yak

Illustrated notes

Levels and vault maps discovered:
D:1:      dpeg_arrival_rhombi, layout_basic, ebering_ecumenical_altar_mist
D:2:      layout_loops_corners, serial_co_window_serial, co_window_corner_a,
          co_window_paths_a, co_window_paths_a, co_window_corner_a,
          co_window_of_opportunity_a, co_window_paths_c,
          co_window_of_opportunity_b, co_window_of_opportunity_c,
          co_window_of_opportunity_b, co_window_broadway_a, co_window_4corner_a,
          glass_columns_c, glass_columns_b, glass_columns_a, serial_shops,
          nicolae_shop_mannequins
D:3:      layout_basic, chequers_temple_overflow_statue_of_worship,
          portal_sewer_entry_e, uniq_terence, uniq_jessica
D:4:      layout_loops_cross, kennysheep_mini, mainiacjoe_overflow_catwalk,
          gammafunk_ghost_mausoleum, minmay_crystal_water, minivault_4,
          uniq_grinder
D:5:      layout_loops_corners, mainiacjoe_overflow_tiny_flanked,
          old_standard_altar, uniq_edmund
D:6:      minmay_razor_zed, layout_layer_cave, vehumet_crystals,
          nicolae_ossuary_entry_giza, serial_shops, shop,
          nicolae_shop_tiny_glass, minmay_misc_feat_chi, serial_bayou_ford_a
D:7:      layout_loops_cross, minmay_temple_entry_from_below_a,
          grunt_decor_mini_mirrors
D:8:      layout_gridville, mainiacjoe_overflow_paths,
          nicolae_qazlal_beasts_of_the_sky, amethyst_overflow_temple_binary,
          uniq_maurice, uniq_pikel

Skill      XL: |  1  2  3  4  5  6  7  8  9 |
---------------+----------------------------+-----
Stealth        | 2 3 4 5 6 |  6.2
Dodging        | 2 3 4 5 |  5.7
Spellcasting   | 3 4 5 6 |  6.9
Conjurations   | 5 6 7 |  7.1
Hexes          | 1 3 4 |  4.5
Invocations    | 1 3 4 |  4.5
Evocations     | 1 3 4 |  4.6

Action                     |  1- 3 |  4- 6 |  7- 9 || total
---------------------------+-------+-------+-------++-------
  Melee: Unarmed           |    55 |       |       ||    55
         Tailslap          |     5 |     8 |    24 ||    37
         Hand axe          |       |    39 |    28 ||    67
         Punch             |       |     1 |     2 ||     3
         Flail             |       |       |   146 ||   146
         Rapier            |       |       |     2 ||     2
  Throw: Dart              |       |       |     1 ||     1
   Cast: Magic Dart        |    79 |    68 |    26 ||   173
         Searing Ray       |     2 |    18 |    24 ||    44
         Sting             |       |    10 |   152 ||   162
  Evoke: Wand              |       |       |    12 ||    12
    Use: Scroll            |       |     2 |     6 ||     8
         Potion            |       |       |    12 ||    12
   Stab: Sleeping          |       |       |     2 ||     2
 Armour: Skin              |    46 |    52 |   320 ||   418
  Dodge: Dodged            |    46 |    60 |   316 ||   422
